 Dungeon Crawl Stone Soup version 0.32-a0-120-gfac0567ad4 (webtiles) character file.

Game seed: 14503801355143826110

4 zenocrate the Sneak (level 1, 0/14 HPs)
             Began as a Kobold Delver on Feb 6, 2024.
             Succumbed to a scorpion's poison
             ... on level 4 of the Dungeon.
             The game lasted 00:00:24 (163 turns).

zenocrate the Sneak (Kobold Delver)                  Turns: 163, Time: 00:00:25

Health: 0/14       AC:  3    Str:  9    XL:     1   Next: 66%
Magic:  1/1        EV: 14    Int: 11    God:
Gold:   0          SH:  0    Dex: 16    Spells: 0/0 levels left

rFire   . . .        a - +0 short sword
rCold   . . .        (no shield)
rNeg    . . .        b - +0 leather armour
rPois   .            (no helmet)
rElec   .            (no cloak)
rCorr   .            (no gloves)
SInv    .            (no boots)
Will    .....        (no amulet)
Stlth   ++++         (no ring)
HPRegen 0.22/turn    (no ring)
MPRegen 0.07/turn

%: no passive effects
@: lethally poisoned (0 -> -4), hasted, very quick
A: small, no large weapons, nightstalker 3
a: no special abilities


You were on level 4 of the Dungeon.
You visited 1 branch of the dungeon, and saw 2 of its levels.

Inventory:

Hand Weapons
 a - a +0 short sword (weapon)
Armour
 b - a +0 leather armour (worn)
Wands
 g - a wand of digging (3)
Scrolls
 c - a scroll of fog
 d - a scroll of revelation
 h - a scroll of amnesia {unknown}


   Skills:
 - Level 3.2 Fighting
 + Level 2.9 Short Blades
 + Level 2.6 Dodging
 + Level 6.7 Stealth


You couldn't memorise any spells.
You didn't know any spells.
Your spell library was empty.

Dungeon Overview and Level Annotations

Branches:
Dungeon (5/15)
 Temple: D:4-7

Altars:

Annotations:
D:5 1 runed translucent door, Crazy Yiuf


Innate Abilities, Weirdness & Mutations

You are small and have problems with some larger weapons.
You are completely attuned to the shadows.


Message History

The dart slug is severely wounded.
The dart slug briefly extends its eye-stalks.
The dart slug bites you.
You are too injured to fight recklessly!
You hit the dart slug.
You kill the dart slug!
You see here a dart slug corpse.
A giant cockroach comes into view.
Found 17 gold pieces.
The helpless giant cockroach fails to defend itself.
You impale the giant cockroach!!
You kill the giant cockroach!
You are too injured to fight recklessly!
A scorpion is nearby!
A scorpion is nearby!
Okay, then.
You feel yourself speed up. The scorpion stings you!
Ouch! That really hurt!
You are poisoned.
The scorpion poisons you!
You aren't carrying any potions.
Unknown command.
You are too injured to fight recklessly!
You are too injured to fight recklessly!
You closely miss the scorpion.
You feel sick. The scorpion stings you.
* * * LOW HITPOINT WARNING * * *
Unknown command.
You hit the scorpion.
The scorpion is lightly wounded.
* * * LOW HITPOINT WARNING * * *
You feel sick.
Unknown command.
You hit the scorpion but do no damage.
The scorpion is lightly wounded.
* * * LOW HITPOINT WARNING * * *
You feel sick. The scorpion misses you.
Unknown command.
You hit the scorpion but do no damage.
The scorpion is lightly wounded.
You die...

#.# #.###### #.#
#.# #.# #.# #.#
#.# #.# #.######
#.#### #.......
#....####..#####
##.s.$.........
#@#.####..####
#.#.# #...##
#.#.# #..#.#
#.#.# #.#.## #..
##.#.#
.....######
##.#.......
#....#####
#........


You could see a scorpion.

Vanquished Creatures
  A dart slug (D:4)
  A giant cockroach (D:4)
2 creatures vanquished.

Notes
Turn   | Place    | Note
-------+----------+-------------------------------------------
     0 | D:5      | zenocrate the Kobold Delver began the quest for the Orb.
     0 | D:5      | Reached XP level 1. HP: 14/14 MP: 1/1
    16 | D:5      | Found a runed translucent door.
    19 | D:5      | Noticed Crazy Yiuf
    91 | D:4      | Noticed a scorpion
   163 | D:4      | Succumbed to a scorpion's poison

Illustrated notes

Levels and vault maps discovered:
D:4:      layout_loops_ring, lemuel_crystal_altar, serial_shops, shop,
          gammafunk_ghost_split, uniq_grinder, uniq_robin
D:5:      layout_rooms, grunt_decor_arrowhead, uniq_pikel,
          uniq_crazy_yiuf_cottage

Action                     || total
---------------------------++-------
  Melee: Short sword       ||    15
         Punch             ||     1
    Use: Scroll            ||     1
         Potion            ||     1
   Stab: Sleeping          ||     1
 Armour: Leather armour    ||     8
  Dodge: Dodged            ||     3

Table legend: (Time is in decaauts)
 A = Elapsed time spent in this place.
 B = Non-inter-level travel time spent in this place.
 C = Inter-level travel time spent in this place.
 D = Time resting spent in this place.
 E = Time spent auto-exploring this place.
 F = Levels seen in this place.
 G = Mean time per level.
                   A        B        C        D        E       F      G
               +--------+--------+--------+--------+--------+-----+--------+
         Total |    160 |    160 |      0 |      0 |    110 |   2 |   80.0 |
       Dungeon |    160 |    160 |      0 |      0 |    110 |   2 |   80.0 |
               +--------+--------+--------+--------+--------+-----+--------+

Top non-repeatable levels by time:
     D:4: 116 daAuts
     D:5: 44 daAuts
